 Dungeon Crawl Stone Soup version 0.22.1-6-g1668fe2 (webtiles) character file.

1334 Inchmeat the Skirmisher (level 8, -2/67 HPs)
             Began as a Gnoll Wanderer on Jan 30, 2019.
             Was a Believer of Cheibriados.
             Slain by an orc warrior
             ... wielding a +0 dire flail
              (10 damage)
             ... on level 5 of the Dungeon.
             The game lasted 00:10:29 (6451 turns).

Inchmeat the Skirmisher (Gnoll Wanderer)            Turns: 6451, Time: 00:10:30

Health: -2/67      AC: 10    Str: 23    XL:     8   Next: 61%
Magic:  13/13      EV: 13    Int: 21    God:    Cheibriados [**....]
Gold:   72         SH:  0    Dex: 20    Spells: 13/13 levels left

rFire    + . .     SeeInvis .   o - +1 dire flail (holy)
rCold    + . .     Gourm    .   (shield currently unavailable)
rNeg     . . .     Faith    .   q - +3 scale mail {MR+}
rPois    .         Spirit   .   (no helmet)
rElec    .         Reflect  .   g - scarf {rC+ rF+}
rCorr    .         Harm     .   (no gloves)
MR       +....                  (no boots)
Stlth    ++........             t - amulet of the acrobat
HPRegen  0.21/turn              (no ring)
MPRegen  0.13/turn              (no ring)

@: very slow
A: distributed training, fangs 1, strong nose
a: Bend Time, Renounce Religion


You were on level 5 of the Dungeon.
You worshipped Cheibriados.
Cheibriados was pleased with you.
You were near starving.

You visited 1 branch of the dungeon, and saw 6 of its levels.

You collected 216 gold pieces.
You spent 144 gold pieces at shops.

Inventory:

Hand Weapons
 f - a +0 blowgun
 o - a +1 dire flail of holy wrath (weapon)
 p - a +3 mace of protection
 E - a +3 shortbow
Missiles
 c - 8 needles of sleeping
 d - 108 arrows
 e - 30 poisoned needles
 C - 6 poisoned tomahawks (quivered)
Armour
 g - a scarf of resistance (worn)
 q - a +3 scale mail of magic resistance (worn)
 A - a +1 scale mail
Jewellery
 m - a +3 ring of strength {unknown}
 t - an amulet of the acrobat (around neck)
Wands
 x - a wand of polymorph (5)
Scrolls
 a - 2 scrolls of identify
 j - 2 scrolls of teleportation
 k - 2 scrolls of blinking
 l - a scroll of remove curse
 n - 2 scrolls of enchant armour
Potions
 b - 2 potions of mutation
 i - a potion of lignification {unknown}
 r - a potion of cancellation {unknown}
 s - 3 potions of curing
 v - a potion of flight
 w - a potion of might
 z - a potion of berserk rage
Comestibles
 h - 10 rations


   Skills:
 + Level 7.4 Fighting
 + Level 3.3 Short Blades
 + Level 3.3 Long Blades
 + Level 3.3 Axes
 + Level 3.3 Maces & Flails
 + Level 3.3 Polearms
 + Level 3.3 Staves
 + Level 3.3 Slings
 + Level 4.3 Bows
 + Level 3.3 Crossbows
 + Level 4.3 Throwing
 + Level 4.3 Armour
 + Level 4.3 Dodging
 + Level 6.9 Stealth
 + Level 3.3 Shields
 + Level 3.3 Unarmed Combat
 + Level 3.3 Spellcasting
 + Level 2.7 Conjurations
 + Level 2.7 Hexes
 + Level 2.7 Charms
 + Level 2.7 Summonings
 + Level 2.7 Necromancy
 + Level 2.7 Translocations
 + Level 2.7 Transmutations
 + Level 2.7 Fire Magic
 + Level 2.7 Ice Magic
 + Level 2.7 Air Magic
 + Level 2.7 Earth Magic
 + Level 2.7 Poison Magic
 + Level 3.7 Invocations
 + Level 3.3 Evocations


You had 13 spell levels left.
You didn't know any spells.
Your spell library was empty.

Dungeon Overview and Level Annotations

Branches:
Dungeon (6/15)
 Temple: D:4-7

Altars:
Cheibriados
Trog
Uskayaw
Vehumet

Shops:
D:5 *%


Innate Abilities, Weirdness & Mutations

Your experience applies equally to all skills.
You have very sharp teeth.
Your uncanny sense of smell can sniff out nearby items.


Message History

The orc warrior misses you.
You hit the orc warrior but do no damage.
The orc warrior misses you. The orc warrior closely misses you.
The orc wizard completely misses you. The orc warrior closely misses you.
You hear the slow hiss of a distant avalanche of sand.
The orc wizard looks braver for a moment.
The orc wizard miscasts a cantrip.
The orc wizard gestures wildly while chanting.
The orc wizard seems to speed up.
The orc warrior closely misses you.
There is a stone staircase leading up, spattered with blood here.
The orc warrior hits you with a dire flail!
* * * LOW HITPOINT WARNING * * *
You climb upwards.
There is a stone staircase leading down here.
The orc hits you with a flail.
* * * LOW HITPOINT WARNING * * *
You feel better.
The orc warrior hits you with a dire flail!
You die...

...........#.# ###
###...##..#
...........#.## ##.#
#.####..# #.........###.#
##..# #...##..#
#........## #.###...##
#.#.##... ##......##
##.#.....# #...##...
##....## #.......#
#.#.###)) ###.## ##....###
#...# #.. ### #..oo##
#.#.# #.. ##..@## #...#
#.. #.##..#######.#####.#
####....##....# ##.##
##...........###.##
###...#.........#.##
###................##
####...#..............##
###...#.####.............#
####.......##
##............##


You could see an orc warrior and an orc.

Vanquished Creatures
  Edmund (D:5)
  An ogre (D:5)
  A centaur (D:5)
  A big kobold (D:5)
  A bullfrog (D:6)
  2 scorpions
  A howler monkey (D:4)
  A centaur zombie (D:5)
  3 crimson imps (D:5)
  A hound (D:5)
  A gnoll shaman (D:5)
  4 orc priests
  3 orc wizards
  A bullfrog skeleton (D:4)
  Ijyb (D:3)
  An iguana (D:4)
  4 worker ants (D:5)
  13 adders
  An ooze (D:1)
  2 adder skeletons
  A worm (D:2)
  A dart slug (D:2)
  6 leopard geckos
  14 orcs
  2 ball pythons (D:1)
  8 bats
  5 giant cockroaches
  4 goblins
  9 hobgoblins
  A quokka (D:5)
  7 frilled lizards
  A jackal skeleton (D:5)
  12 kobolds
  3 rats
118 creatures vanquished.

Notes
Turn   | Place    | Note
-------+----------+-------------------------------------------
     0 | D:1      | Inchmeat the Gnoll Wanderer began the quest for the Orb.
     0 | D:1      | Inchmeat set off with: a +2 dagger, a scroll of fear, a +0
                  | shortbow, 30 arrows, 9 poisoned needles, a +0 blowgun, a +0
                  | robe, a ration
     0 | D:1      | Reached XP level 1. HP: 23/23 MP: 1/1
   281 | D:1      | Reached XP level 2. HP: 28/29 MP: 2/2
   677 | D:1      | Reached XP level 3. HP: 35/35 MP: 3/3
  1213 | D:2      | Reached skill level 1 in Invocations
  1230 | D:2      | Reached skill level 1 in Short Blades
  1230 | D:2      | Reached skill level 1 in Long Blades
  1230 | D:2      | Reached skill level 1 in Axes
  1230 | D:2      | Reached skill level 1 in Maces & Flails
  1230 | D:2      | Reached skill level 1 in Polearms
  1230 | D:2      | Reached skill level 1 in Staves
  1230 | D:2      | Reached skill level 1 in Slings
  1230 | D:2      | Reached skill level 1 in Crossbows
  1230 | D:2      | Reached skill level 1 in Shields
  1230 | D:2      | Reached skill level 1 in Unarmed Combat
  1230 | D:2      | Reached skill level 1 in Spellcasting
  1230 | D:2      | Reached skill level 1 in Evocations
  1360 | D:2      | Reached XP level 4. HP: 34/41 MP: 5/5
  1670 | D:2      | Found a radiant altar of Vehumet.
  1872 | D:2      | Reached skill level 1 in Conjurations
  1872 | D:2      | Reached skill level 1 in Hexes
  1872 | D:2      | Reached skill level 1 in Charms
  1872 | D:2      | Reached skill level 1 in Summonings
  1872 | D:2      | Reached skill level 1 in Necromancy
  1872 | D:2      | Reached skill level 1 in Translocations
  1872 | D:2      | Reached skill level 1 in Transmutations
  1872 | D:2      | Reached skill level 1 in Fire Magic
  1872 | D:2      | Reached skill level 1 in Ice Magic
  1872 | D:2      | Reached skill level 1 in Air Magic
  1872 | D:2      | Reached skill level 1 in Earth Magic
  1872 | D:2      | Reached skill level 1 in Poison Magic
  2076 | D:2      | Found a bloodstained altar of Trog.
  2153 | D:2      | Found a snail-covered altar of Cheibriados.
  2153 | D:2      | Found a hide-covered altar of Uskayaw.
  2314 | D:2      | Became a worshipper of Cheibriados the Contemplative
  2461 | D:3      | Reached XP level 5. HP: 46/47 MP: 6/6
  2786 | D:3      | Reached * piety under Cheibriados
  2950 | D:3      | Noticed Ijyb
  2972 | D:3      | Killed Ijyb
  3469 | D:4      | Reached XP level 6. HP: 51/53 MP: 8/8
  4046 | D:5      | Entered Level 5 of the Dungeon
  4481 | D:5      | Reached XP level 7. HP: 48/59 MP: 10/10
  4694 | D:5      | Reached skill level 7 in Fighting
  4956 | D:5      | Reached ** piety under Cheibriados
  5108 | D:5      | Reached XP level 8. HP: 67/67 MP: 12/12
  5552 | D:5      | Found Rane Xuf's Food Boutique.
  5611 | D:5      | Found Posoah's General Store.
  5644 | D:5      | Bought a potion of mutation for 96 gold pieces
  5644 | D:5      | Bought 8 needles of sleeping for 48 gold pieces
  6319 | D:6      | Noticed Edmund
  6343 | D:5      | Killed Edmund
  6450 | D:5      | HP: 2/67 [orc/flail (4)]
  6451 | D:5      | Slain by an orc warrior

Skill      XL: |  1  2  3  4  5  6  7  8 |
---------------+-------------------------+-----
Stealth        | 6 |  6.9
Invocations    | 1 2 3 |  3.7
Short Blades   | 1 2 3 |  3.3
Long Blades    | 1 2 3 |  3.3
Axes           | 1 2 3 |  3.3
Maces & Flails | 1 2 3 |  3.3
Polearms       | 1 2 3 |  3.3
Staves         | 1 2 3 |  3.3
Slings         | 1 2 3 |  3.3
Crossbows      | 1 2 3 |  3.3
Shields        | 1 2 3 |  3.3
Unarmed Combat | 1 2 3 |  3.3
Spellcasting   | 1 2 3 |  3.3
Evocations     | 1 2 3 |  3.3
Conjurations   | 1 2 |  2.7
Hexes          | 1 2 |  2.7
Charms         | 1 2 |  2.7
Summonings     | 1 2 |  2.7
Necromancy     | 1 2 |  2.7
Translocations | 1 2 |  2.7
Transmutations | 1 2 |  2.7
Fire Magic     | 1 2 |  2.7
Ice Magic      | 1 2 |  2.7
Air Magic      | 1 2 |  2.7
Earth Magic    | 1 2 |  2.7
Poison Magic   | 1 2 |  2.7
Bows           | 3 4 |  4.3
Throwing       | 3 4 |  4.3
Armour         | 3 4 |  4.3
Dodging        | 3 4 |  4.3
Fighting       | 7 |  7.4

Action                   |  1- 3 |  4- 6 |  7- 9 || total
-------------------------+-------+-------+-------++-------
Melee: Dagger            |    78 |    57 |       ||   135
       Bite              |    12 |    15 |    31 ||    58
       Mace              |       |   118 |   153 ||   271
       Punch             |       |     1 |     3 ||     4
       Dire flail        |       |       |    16 ||    16
 Fire: Shortbow          |     8 |    21 |     8 ||    37
Evoke: Wand              |       |       |     1 ||     1
  Use: Potion            |       |     4 |     2 ||     6
       Scroll            |       |       |    12 ||    12
 Stab: Sleeping          |     7 |    11 |     4 ||    22
  Eat: Chunk             |       |     8 |     2 ||    10
Armor: Robe              |     5 |       |       ||     5
       Ring mail         |    13 |    25 |       ||    38
       Scale mail        |       |    67 |    69 ||   136
Dodge: Dodged            |    49 |   183 |   150 ||   382
